 Dungeon Crawl Stone Soup version 0.25-a0-110-ge29c8f2358 (webtiles) character file.

Game seed: 7135792227488970590, levelgen mode: deterministic

137478 Napalmbreeze the Severer (level 16, -10/159 HPs)
             Began as a Minotaur Monk on Nov 20, 2019.
             Was the Champion of Lugonu.
             Killed by the raging water
             ... invoked by a water nymph
              (23 damage)
             ... on level 4 of the Shoals.
             The game lasted 01:07:52 (41977 turns).

Napalmbreeze the Severer (Minotaur Monk)           Turns: 41977, Time: 01:07:52

Health: -10/159    AC: 26    Str: 21    XL:     16   Next: 69%
Magic:  16/24      EV: 12    Int:  7    God:    Lugonu [******]
Gold:   491        SH:  0    Dex: 15    Spells: 15/15 levels left

rFire    + . .     SeeInvis +   V - +7 executioner's axe (distort)
rCold    . . .     Gourm    .   (shield currently unavailable)
rNeg     . . .     Faith    .   W - +1 chain mail {rF+}
rPois    +         Spirit   .   g - +0 mask of the Dragon {MR+ Slay+3 SInv}
rElec    .         Reflect  .   s - +2 cloak {rPois}
rCorr    .         Harm     .   H - +2 pair of gloves
MR       ++...                  Y - +2 pair of boots {Fly}
Stlth    ..........             (no amulet)
HPRegen  0.36/turn              M - +3 ring of protection
MPRegen  0.19/turn              a - +2 ring of slaying

@: about to teleport, flying
A: retaliatory headbutt, horns 2
a: Depart the Abyss, Bend Space, Banish, Corrupt, Enter the Abyss, Renounce
Religion, Stop Flying


You were on level 4 of the Shoals.
You worshipped Lugonu.
Lugonu was exalted by your worship.
You were very hungry.

You visited 4 branches of the dungeon, and saw 27 of its levels.
You visited the Abyss 1 time.
You also visited: Ossuary.

You collected 2511 gold pieces.
You spent 2020 gold pieces at shops.

Inventory:

Hand Weapons
 z - a +4 dire flail
 S - a +1 broad axe of holy wrath
 V - a +7 executioner's axe of distortion (weapon)
Armour
 g - the +0 mask of the Dragon (worn) {MR+ Slay+3 SInv}
   (You bought it in a shop on level 2 of the Orcish Mines)

   It affects your accuracy and damage with ranged weapons and melee attacks
   (+3).
   It affects your resistance to hostile enchantments.
   It lets you see invisible.
 s - a +2 cloak of poison resistance (worn)
 v - a +0 plate armour of fire resistance
 H - a +2 pair of gloves (worn)
 W - a +1 chain mail of fire resistance (worn)
 Y - a +2 pair of boots of flying (worn)
Jewellery
 a - a +2 ring of slaying (right hand)
 p - an uncursed ring of poison resistance
 y - an uncursed ring of resist corrosion
 K - an uncursed ring of positive energy
 M - a +3 ring of protection (left hand)
 T - an uncursed ring of ice
 X - an uncursed ring of see invisible
Wands
 b - a wand of disintegration (11)
 k - a wand of iceblast (26)
 l - a wand of enslavement (8)
 J - a wand of flame (21)
 O - a wand of digging (8)
Scrolls
 f - 3 scrolls of blinking
 h - 3 scrolls of enchant armour
 m - 4 scrolls of fog
 n - 12 scrolls of teleportation
 o - 19 scrolls of remove curse
 r - 4 scrolls of fear
 w - 8 scrolls of amnesia
 x - a scroll of summoning
 R - 3 scrolls of magic mapping
Potions
 d - 2 potions of lignification {unknown}
 e - 2 potions of agility {unknown}
 i - 5 potions of heal wounds
 j - a potion of mutation {unknown}
 q - 7 potions of curing
 t - 2 potions of cancellation {unknown}
 u - 4 potions of resistance {unknown}
 A - 3 potions of haste {unknown}
 B - a potion of invisibility {unknown}
 F - 2 potions of might {unknown}
 I - a potion of berserk rage {unknown}
 L - 6 potions of brilliance
 N - 4 potions of flight {unknown}
 Q - a potion of ambrosia {unknown}
Comestibles
 c - 45 rations


   Skills:
 + Level 18.5 Fighting
 - Level 18.9(20.0) Axes
 - Level 12.1(16.7) Maces & Flails
 + Level 11.3 Armour
 + Level 7.3 Dodging
 - Level 1.5 Stealth
 - Level 13.0 Invocations


You had 15 spell levels left.
You didn't know any spells.
Your spell library contained the following spells:

 Spells                   Type           Power        Failure   Level  Hunger
 Confusing Touch          Hex            #.....       96%         1    ##.....
 Freeze                   Ice            #...         96%         1    ##.....
 Magic Dart               Conj           #...         96%         1    ##.....
 Sandblast                Erth           #.....       96%         1    ##.....
 Blink                    Tloc           N/A          99%         2    ###....
 Call Imp                 Summ           #.......     99%         2    ###....
 Passwall                 Tmut/Erth      #.......     99%         2    ###....
 Searing Ray              Conj           #.....       99%         2    ###....
 Slow                     Hex            #.......     99%         2    ###....
 Confuse                  Hex            #.......     100%        3    ####...
 Conjure Flame            Conj/Fire      #.......     100%        3    ####...
 Dazzling Spray           Conj/Hex       #.....       100%        3    ####...
 Gell's Gravitas          Tloc           #.........   100%        3    ####...
 Inner Flame              Hex/Fire       #.......     100%        3    ####...
 Mephitic Cloud           Conj/Pois/Air  #.......     100%        3    ####...
 Stone Arrow              Conj/Erth      #.....       100%        3    ####...
 Cause Fear               Hex            #.........   100%        4    #####..
 Force Lance              Conj/Tloc      #.......     100%        4    #####..
 Fulminant Prism          Conj/Hex       #.........   100%        4    #####..
 Iskenderun's Mystic Bla  Conj           #.......     100%        4    #####..
 Petrify                  Tmut/Erth      #.......     100%        4    #####..
 Lee's Rapid Deconstruct  Erth           #.........   100%        5    ######.
 Metabolic Englaciation   Hex/Ice        #.........   100%        5    ######.
 Silence                  Hex/Air        #.........   100%        5    ######.
 Yara's Violent Unravell  Hex/Tmut       #.........   100%        5    ######.
 Deflect Missiles         Chrm/Air       #.........   100%        6    #######
 Freezing Cloud           Conj/Ice/Air   #.........   100%        6    #######
 Discord                  Hex            #.........   100%        8    #######


Dungeon Overview and Level Annotations

Branches:
Dungeon (15/15)            Temple (0/1) D:5            Lair (6/6) D:10
 Shoals (4/4) Lair:4        Snake (0/4) Lair:4        Slime (0/5) Lair:6
    Orc (2/2) D:12            Elf (0/3) Orc:2        Vaults (0/5) D:14
 Depths (0/5) D:15        Ossuary (visited)

Altars:
Fedhas
Gozag
Hepliaklqana
Kikubaaqudgha
Nemelex Xobeh
Qazlal
Trog
Uskayaw
Vehumet
Wu Jian
The Shining One
Beogh
Jiyva
Lugonu

Shops:
D:5 }[(=   D:14 *   Orc:2 [=[?=   Shoals:1 *

Annotations:
D:5 4 runed translucent doors, Aaksess's ghost, novice OgHu
Lair:3 3 runed translucent doors, Kiuzuanix's ghost, journeyman NaFE; Ynegoov's ghost, journeyman TrTm; lukutis69's ghost, journeyman MiFi
Shoals:1 Roxanne
Abyss:1 Fannar; Louise


Innate Abilities, Weirdness & Mutations

You reflexively headbutt those who attack you in melee.
You have a pair of horns on your head.


Message History

You see here 4 silver javelins.
Unknown command.
You can't go up here!
Press: ? - help, Shift-Dir - straight line, f - merfolk javelineer
Aim: a merfolk javelineer, wielding a +1 spear of distortion and wearing a +0 leather armour (lightly wounded, chance to defeat MR: 61%)
The merfolk javelineer resists with significant effort.
You feel somewhat more hungry. The water nymph touches you.
The water nymph drowns you!
* * * LOW HITPOINT WARNING * * *
The merfolk javelineer hits you but does no damage.
Space warps horribly around you!
* * * LOW HITPOINT WARNING * * *
Press: ? - help, Shift-Dir - straight line, f/p - merfolk javelineer
Aim: a merfolk javelineer, wielding a +1 spear of distortion and wearing a +0 leather armour (lightly wounded, chance to defeat MR: 61%)
The merfolk javelineer is devoured by a tear in reality.
Lugonu claims a new guest.
You are feeling very hungry.
The water nymph casts a spell at you. The water rises up and strikes you!!
You die...

..........# #..≈≈(≈≈≈≈≈≈
≈≈(m..(...## ##...≈≈≈≈≈≈≈
≈≈≈≈≈≈.....####....≈≈≈≈≈≈
###≈≈≈.#....##..(..≈≈≈≈≈≈
##≈≈..........(...≈≈≈≈≈
##..≈≈≈≈[≈.[....≈≈≈≈≈≈
#≈≈≈(...(.##...≈..≈≈≈
#≈P.(....§§§([.≈≈.≈≈≈ #≈
#≈P.....(.§≈@≈....≈≈≈


Xm. #≈≈≈....(§)≈m(...≈≈≈≈ #≈. #≈≈≈......≈≈≈≈).≈≈≈≈≈ ≈≈≈ #≈........((((..≈≈≈≈≈
≈≈##..#######..≈≈...≈≈≈≈≈ #≈.# ##......≈≈≈≈≈ PPP.# ##.....≈≈≈≈≈ ≈P.. #....≈≈≈≈≈≈
P≈≈ #.≈..≈≈≈≈≈≈ You could see a water nymph.

Vanquished Creatures
  Gastronok (Lair:2)
  Frances (D:13)
  2 orc warlords
  2 dire elephants
  3 merfolk javelineers
  2 ettins (Orc:1)
  4 merfolk impalers
  2 hydras (Lair:4)
  A rakshasa (D:15)
  A vault guard (D:14)
  2 catoblepae
  5 centaur warriors
  A death knight (D:15)
  5 ogre magi
  2 merfolk aquamancers
  A satyr (Shoals:3)
  2 merfolk avatars
  An alligator snapping turtle (Shoals:2)
  A deep troll shaman (Lair:6)
  25 two-headed ogres
  10 death yaks
  Urug (Lair:3)
  Nergalle (Lair:2)
  4 skeletal warriors (D:15)
  2 unseen horrors
  4 sea snakes
  2 phantasmal warriors
  11 harpies
  2 orc sorcerers (Orc:1)
  7 cyclopes
  A manticore (shapeshifter) (D:15)
  2 ugly things
  A salamander (D:15)
  13 fauns
  A wolf spider (D:15)
  13 manticores
  8 merfolk sirens
  3 elephants (Lair:6)
  3 gargoyles (D:13)
  4 black mambas
  A water nymph (Shoals:3)
  7 spiny frogs
  2 rime drakes
  8 komodo dragons
  A redback zombie (D:15)
  An efreet (D:14)
  A freezing wraith (D:15)
  18 merfolk
  8 trolls
  3 polar bears
  A hornet (D:10)
  2 wind drakes
  18 blink frogs
  15 dream sheep
  Grinder (D:5)
  9 hippogriffs
  A dream sheep (shapeshifter) (D:14)
  A centaur simulacrum (D:12)
  5 snapping turtles
  6 water elementals
  3 wyverns
  A shadow (D:15)
  3 wraiths
  40 yaks
  4 basilisks
  2 hungry ghosts
  A steam dragon (D:12)
  2 vampire mosquitoes (D:13)
  4 wargs
  2 nagas (Lair:4)
  4 water moccasins
  An acid dragon (D:13)
  5 porcupines
  26 orc warriors
  4 sky beasts
  8 ice beasts
  6 phantoms
  An eye of draining (D:14)
  A black bear (D:7)
  16 centaurs
  17 wolves
  35 ogres
  7 crocodiles
  17 bullfrogs
  6 big kobolds
  3 gnoll sergeants
  3 water moccasin zombies (Ossuary)
  A wyvern skeleton (D:8)
  8 scorpions
  26 killer bees
  2 vampire bats (Lair:6)
  7 howler monkeys
  3 crimson imps
  3 jellies
  2 quasits
  28 orc wizards
  A centaur zombie (D:5)
  15 orc priests
  8 hounds
  A gnoll shaman (D:8)
  3 bullfrog skeletons
  7 iguanas
  8 hell rats
  12 worker ants
  3 big kobold zombies (Ossuary)
  2 hound skeletons
  2 mummies (Ossuary)
  18 adders
  14 gnolls
  6 shadow imps
  2 oozes
  8 adder zombies
  3 adder skeletons
  4 dart slugs
  2 leopard geckos (D:1)
  73 orcs
  18 bats
  7 giant cockroaches
  2 goblins (D:1)
  7 hobgoblins
  12 jackals
  8 kobolds
  7 quokkas
  5 ball pythons
  A ball python skeleton (D:5)
  5 frilled lizards
  A giant cockroach zombie (D:6)
  2 gnoll zombies (Ossuary)
  3 hobgoblin zombies (Ossuary)
  A jackal skeleton (D:3)
  5 kobold zombies (Ossuary)
  6 orc zombies (Ossuary)
  10 rats
  A fungus (Lair:6)
  3 plants
864 creatures vanquished.

Vanquished Creatures (others)
  A merfolk javelineer (Shoals:4)
  A merfolk impaler (Shoals:3)
  A hydra (Lair:2)
  A two-headed ogre (Orc:2)
  A sea snake (Shoals:1)
  A harpy (Shoals:3)
  A faun (Shoals:3)
  An orc warrior (Orc:1)
  2 ogres (Orc:2)
  An orc (Orc:2)
  A bush (Lair:6)
  7 fungi
  18 plants
  4 withered plants (Lair:3)
41 creatures vanquished.

Grand Total: 905 creatures vanquished

Notes
Turn   | Place    | Note
-------+----------+-------------------------------------------
     0 | D:1      | Napalmbreeze the Minotaur Monk began the quest for the Orb.
     0 | D:1      | Reached XP level 1. HP: 19/19 MP: 0/0
   308 | D:1      | Reached XP level 2. HP: 27/27 MP: 1/1
   802 | D:1      | Reached XP level 3. HP: 29/34 MP: 2/2
  1401 | D:2      | Reached skill level 5 in Fighting
  1455 | D:2      | Reached skill level 1 in Armour
  1566 | D:2      | Reached XP level 4. HP: 40/42 MP: 3/3
  2045 | D:2      | Found a faded altar of an unknown god.
  2086 | D:2      | Became a worshipper of Lugonu the Unformed
  2086 | D:2      | Reached * piety under Lugonu
  2086 | D:2      | Reached ** piety under Lugonu
  2086 | D:2      | Reached *** piety under Lugonu
  2554 | D:3      | Found a sparkling altar of Nemelex Xobeh.
  2693 | D:3      | Reached XP level 5. HP: 45/50 MP: 4/4
  2694 | D:3      | Reached **** piety under Lugonu
  2967 | D:3      | Found a hazy altar of Hepliaklqana.
  3254 | D:4      | Reached skill level 5 in Axes
  3287 | D:4      | Noticed an ogre
  3353 | D:4      | Noticed a phantom
  3438 | D:4      | Killed a phantom
  3438 | D:4      | Reached XP level 6. HP: 37/58 MP: 5/5
  3471 | D:4      | Found a blossoming altar of Fedhas.
  3472 | D:4      | Found a stormy altar of Qazlal.
  3476 | D:4      | Found a hide-covered altar of Uskayaw.
  3495 | D:4      | Found a sand-covered staircase.
  3504 | Ossuary  | Entered an ossuary
  3986 | Ossuary  | Reached skill level 1 in Invocations
  3986 | Ossuary  | Reached XP level 7. HP: 57/66 MP: 6/6
  4952 | D:4      | Reached skill level 5 in Armour
  5571 | D:5      | Entered Level 5 of the Dungeon
  5613 | D:5      | Found Webbuano's Armour Emporium.
  5623 | D:5      | Reached XP level 8. HP: 59/73 MP: 9/9
  5904 | D:5      | Found Nait's Jewellery Boutique.
  5923 | D:5      | Found a runed translucent door.
  5924 | D:5      | Noticed Aaksess's ghost (novice OgHu)
  5931 | D:5      | Got an iridescent mace
  5932 | D:5      | Identified the +7 mace of Purpose {freeze, rN+} (You found
                  | it on level 5 of the Dungeon)
  5947 | D:5      | Found a staircase to the Ecumenical Temple.
  5965 | D:5      | Found Nohoxofi's Jewellery Emporium.
  5986 | D:5      | Noticed Grinder
  5997 | D:5      | Paralysed by Grinder for 2 turns
  6001 | D:5      | Paralysed by Grinder for 5 turns
  6008 | D:5      | Paralysed by Grinder for 7 turns
  6017 | D:5      | Killed Grinder
  6154 | D:5      | Found a runed translucent door.
  6155 | D:5      | Reached skill level 5 in Invocations
  6211 | D:5      | Found Vuosaitz's Weapon Shop.
  6333 | D:5      | Found an ancient bone altar of Kikubaaqudgha.
  6391 | D:5      | Found a large runed translucent door.
  6391 | D:5      | Found a large runed translucent door.
  6403 | D:5      | Found a large runed translucent door.
  6403 | D:5      | Found a large runed translucent door.
  6594 | D:5      | Noticed a two-headed ogre
  6694 | D:5      | Found Qalef's Gadget Shoppe.
  6697 | D:5      | Reached ***** piety under Lugonu
  6725 | D:5      | Found a radiant altar of Vehumet.
  6960 | D:5      | Killed a two-headed ogre
  6960 | D:5      | Reached XP level 9. HP: 81/81 MP: 11/13
  8407 | D:7      | Reached skill level 10 in Fighting
  9081 | D:7      | Reached XP level 10. HP: 73/94 MP: 15/15
 10113 | D:8      | Found an ornate altar of the Wu Jian Council.
 10115 | D:8      | Found a glowing golden altar of the Shining One.
 10981 | D:9      | Found a blossoming altar of Fedhas.
 11206 | D:9      | Reached skill level 5 in Dodging
 11524 | D:10     | Entered Level 10 of the Dungeon
 11524 | D:10     | Noticed Fannar
 11634 | D:10     | Noticed a two-headed ogre
 11644 | D:10     | Killed a two-headed ogre
 11750 | D:10     | Reached ****** piety under Lugonu
 11760 | D:10     | Paralysed by a hornet for 2 turns
 11767 | D:10     | Reached XP level 11. HP: 64/104 MP: 17/17
 12027 | D:10     | Banished Fannar
 12255 | D:10     | Found a staircase to the Lair.
 12453 | D:10     | Noticed a two-headed ogre
 12481 | D:10     | Killed a two-headed ogre
 12481 | D:10     | Reached skill level 10 in Invocations
 13037 | D:10     | Killed an unseen horror
 13417 | D:11     | Reached skill level 10 in Armour
 13466 | D:11     | Noticed a two-headed ogre
 13481 | D:11     | Killed a two-headed ogre
 13481 | D:11     | Reached skill level 5 in Maces & Flails
 14805 | D:5      | Bought an uncursed ring of poison resistance for 280 gold
                  | pieces
 14805 | D:5      | Bought a +3 ring of protection for 294 gold pieces
 14936 | Lair:1   | Entered Level 1 of the Lair of Beasts
 16037 | Lair:1   | Reached XP level 12. HP: 108/115 MP: 18/18
 16455 | Lair:2   | Noticed Nergalle
 16469 | Lair:2   | Killed Nergalle
 16480 | Lair:2   | Noticed Gastronok
 16509 | Lair:2   | Killed Gastronok
 16524 | Lair:2   | Identified the Tome of the Icy Volcanoes
 16624 | Lair:2   | HP: 2/118 [spiny frog (5)]
 16915 | Lair:2   | Noticed a death yak
 16915 | Lair:2   | Noticed a death yak
 16945 | Lair:2   | Killed a death yak
 17018 | Lair:2   | Noticed a death yak
 17019 | Lair:2   | Noticed a death yak
 17081 | Lair:1   | Killed a death yak
 17089 | Lair:1   | Killed a death yak
 17537 | Lair:1   | Killed a death yak
 18913 | Lair:2   | Noticed an eight-headed hydra
 18916 | Lair:2   | Banished an eight-headed hydra
 19574 | Lair:3   | Found a runed translucent gate.
 19575 | Lair:3   | Found a runed translucent gate.
 19576 | Lair:3   | Found a runed translucent gate.
 19578 | Lair:3   | Noticed lukutis69's ghost (journeyman MiFi)
 19578 | Lair:3   | Noticed Ynegoov's ghost (journeyman TrTm)
 19578 | Lair:3   | Noticed Kiuzuanix's ghost (journeyman NaFE)
 19635 | Lair:3   | Reached XP level 13. HP: 83/125 MP: 21/21
 19950 | Lair:3   | Noticed Urug
 19962 | Lair:3   | Killed Urug
 20522 | Lair:4   | You fall into a shaft and drop 2 floors!
 20522 | Lair:6   | Entered Level 6 of the Lair of Beasts
 20755 | Lair:4   | Reached skill level 15 in Fighting
 20756 | Lair:4   | Found a staircase to the Shoals.
 21372 | Lair:4   | Found a staircase to the Snake Pit.
 22537 | Lair:6   | Found a bloodstained altar of Trog.
 22591 | Lair:6   | Reached skill level 10 in Maces & Flails
 23137 | Lair:6   | Found a viscous altar of Jiyva.
 23137 | Lair:6   | Found a staircase to the Slime Pits.
 24735 | Lair:6   | Noticed a dire elephant
 24758 | Lair:6   | Killed a dire elephant
 25682 | D:12     | Reached XP level 14. HP: 137/137 MP: 22/22
 25699 | D:12     | You fall into a shaft and drop 2 floors!
 25831 | D:13     | Reached skill level 10 in Axes
 25922 | D:13     | Identified the +6 flail of Gravity {crush, Str+4 Dex+5}
 26332 | D:13     | Got a fine morningstar
 26333 | D:13     | Identified the +2 morningstar "Taist" {pain, rElec rN+++
                  | MR- Str+3} (You found it on level 13 of the Dungeon)
 26394 | D:13     | Noticed Frances
 26411 | D:13     | Killed Frances
 27041 | D:12     | Found a staircase to the Orcish Mines.
 27571 | D:14     | Found an opulent altar of Gozag.
 27572 | D:14     | Found Gozag's Platinum Reserve.
 28421 | D:14     | Found a gate to the Vaults.
 28478 | D:15     | Entered Level 15 of the Dungeon
 29629 | D:15     | Reached skill level 15 in Axes
 29857 | D:15     | Found a staircase to the Depths.
 30237 | D:15     | Reached XP level 15. HP: 84/145 MP: 23/23
 31362 | D:15     | Identified a glowing executioner's axe (an executioner's
                  | axe corrupted by Lugonu)
 31362 | D:15     | Received a gift from Lugonu
 31462 | Orc:1    | Entered Level 1 of the Orcish Mines
 31524 | Orc:1    | Found a roughly hewn altar of Beogh.
 31524 | Orc:1    | Found a transporter.
 31544 | Orc:2    | Entered Level 2 of the Orcish Mines
 31606 | Orc:2    | Found a staircase to the Elven Halls.
 31618 | Orc:1    | Noticed an orc warlord
 31792 | Orc:2    | Killed an orc warlord
 32083 | Orc:1    | Found a roughly hewn altar of Beogh.
 32168 | Orc:1    | Noticed an orc warlord
 32281 | Orc:1    | Found a transporter.
 32765 | Orc:1    | Killed an orc warlord
 33827 | Orc:2    | Found Qyimysowil's Jewellery Boutique.
 33828 | Orc:2    | Found Icost's Magic Scroll Emporium.
 33828 | Orc:2    | Found Xipp's Jewellery Shop.
 33828 | Orc:2    | Found Kots's Armour Emporium.
 33840 | Orc:2    | Bought a +2 pair of boots of flying for 258 gold pieces
 34131 | Orc:2    | Found Idwokhla's Antique Armour Boutique.
 34139 | Orc:2    | Bought the +0 mask of the Dragon {MR+ Slay+3 SInv} for 668
                  | gold pieces
 34139 | Orc:2    | Found the +0 mask of the Dragon {MR+ Slay+3 SInv}
 34139 | Orc:2    | Bought a shiny plate armour for 520 gold pieces
 34428 | Shoals:1 | Entered Level 1 of the Shoals
 34434 | Shoals:1 | Noticed Louise
 34444 | Shoals:1 | Cast into level 3 of the Abyss (Louise)
 34446 | Abyss:3  | Noticed a hellephant
 34449 | Shoals:1 | Escaped the Abyss
 34964 | Shoals:1 | Banished Louise
 35386 | Shoals:1 | Identified Roxanne's Guide on Transmigration
 35386 | Shoals:1 | Noticed Roxanne
 35436 | Shoals:1 | Reached XP level 16. HP: 17/157 MP: 24/24
 36061 | Shoals:1 | Found Nesio's Assorted Antiques.
 40129 | Shoals:4 | Entered Level 4 of the Shoals
 40442 | Shoals:4 | Noticed a kraken
 41977 | Shoals:4 | Killed from afar by a water nymph

Levels and vault maps discovered:
D:1:      evilmike_arrival_hilbert_curve, layout_basic,
          minmay_misc_feat_enclosed
D:2:      layout_loops_ring, chequers_ecumenical_altar_island, serial_forest,
          infiniplex_forest_clump_curved, infiniplex_forest_clump_medium,
          infiniplex_forest_lined_room_2, infiniplex_forest_clump_diagonal,
          infiniplex_forest_lined_2, infiniplex_forest_end_2,
          infiniplex_forest_3_way, infiniplex_forest_end_1
D:3:      layout_basic, nemelex_xobeh_ov_fountains_minmay, marbit_many_paths,
          serial_undead, serial_undead_e, serial_undead_b, serial_undead_a,
          serial_undead_f, kennysheep_decorative_pillar
D:4:      layout_layer_cave, gammafunk_temple_overflow_forgotten,
          nicolae_ossuary_entry_monument, nrook_campfire
D:5:      layout_rooms, lemuel_doored_altar, lemuel_coloured_pillars_altar,
          minmay_temple_entry_poolview, first_ration, ebering_ghost_sewer_f,
          serial_shops, kennysheep_mini_moat,
          nicolae_shop_competitors_out_of_business, shop, nicolae_shop_crystal,
          shop, roderic_malta_cross, minmay_hollow_rounded_squares, uniq_grinder
D:6:      layout_basic, wad_floor_pattern_1, minmay_diced_spiral
D:7:      nicolae_whirlpool, layout_basic, serial_bayou, serial_bayou_pond_a,
          serial_bayou_shore_b, serial_bayou_pond_a, serial_bayou_pond_a
D:8:      layout_basic, grunt_temple_overflow_open
D:9:      layout_loops_corners, fedhas_altar_1
D:10:     layout_irregular_city, lair_entry_dummy, uniq_fannar
D:11:     layout_irregular_city
D:12:     layout_irregular_city, kennysheep_orc_monster_closet_entryway
D:13:     layout_rooms, uniq_frances
D:14:     layout_roguey, david_vaults_4, nicolae_gozag_zags_fifth_avenue
D:15:     hangedman_depths_entry_try_elsewhere_first, layout_loops_corners,
          wad_floor_pattern_untrapped, minmay_misc_feat_doors
Lair:1:   layout_cave_pods, beast_lair_carwin_6
Lair:2:   layout_hall_layers, uniq_nergalle, uniq_gastronok
Lair:3:   layout_regular_city, gammafunk_ghost_cemetery, grunt_megastairs_3,
          uniq_urug
Lair:4:   layout_regular_city, minmay_shoals_entry_beasts,
          guppyfry_snake_entry_garden
Lair:5:   layout_misc_corridors, st_stairs_3, minivault_26
Lair:6:   grunt_lair_end_beastmaster, layout_regular_city,
          dpeg_slime_entry_enclosed_altar, basic_altar, roderic_batcave
Shoals:1: layout_shoals, serial_shops, shop, uniq_louise, uniq_roxanne
Shoals:2: layout_shoals
Shoals:3: layout_shoals
Shoals:4: shoals_end_hangedman, layout_shoals
Orc:1:    gammafunk_beogh_shrine, layout_diamond_mine, basic_altar
Orc:2:    st_orc_ogre_mass, layout_diamond_mine, serial_shops, shop,
          mines2_lemuel

Skill      XL: |  1  2  3  4  5  6  7  8  9 10 11 12 13 14 15 16 |
---------------+-------------------------------------------------+-----
Fighting       | 4 5 6 7 8 10 12 13 14 16 18 | 18.5
Axes           | 4 5 6 7 9 15 17 18 | 18.9
Armour         | 1 2 3 4 5 7 10 11 | 11.3
Invocations    | 1 3 6 8 9 10 12 13 | 13.0
Maces & Flails | 4 8 12 | 12.1
Dodging        | 5 7 |  7.3
Stealth        | |  1.5

Action                   |  1- 3 |  4- 6 |  7- 9 | 10-12 | 13-15 | 16-18 || total
-------------------------+-------+-------+-------+-------+-------+-------++-------
Melee: Hand axe          |   101 |   235 |   104 |       |       |       ||   440
       Headbutt          |     8 |    44 |    73 |   160 |   312 |    63 ||   660
       Mace              |       |       |    66 |    10 |       |       ||    76
       Dire flail        |       |       |   147 |   783 |   953 |       ||  1883
       Executioner's axe |       |       |       |       |   295 |   263 ||   558
Invok: Banish            |       |       |       |     5 |       |     2 ||     7
       Bend Space        |       |       |       |     3 |     1 |     2 ||     6
       Depart the Abyss  |       |       |       |       |     1 |       ||     1
       Brand Weapon With |       |       |       |       |     1 |       ||     1
Evoke: Wand              |       |       |     5 |     1 |     2 |       ||     8
  Use: Potion            |       |       |     2 |     2 |     1 |     3 ||     8
       Scroll            |       |       |       |    10 |    17 |     1 ||    28
 Stab: Sleeping          |     6 |       |       |       |       |       ||     6
       Petrified         |       |       |       |       |     5 |       ||     5
  Eat: Chunk             |     2 |     7 |    11 |    30 |    45 |     7 ||   102
       Ration            |       |     1 |     1 |     2 |     2 |     4 ||    10
Armor: Robe              |     8 |       |       |       |       |       ||     8
       Chain mail        |    32 |   150 |   139 |   524 |   755 |   279 ||  1879
Dodge: Dodged            |    59 |    88 |   118 |   409 |   571 |   194 ||  1439

Table legend:
 A = Non-vault XP
 B = Vault XP
 C = Vault XP percentage of total XP
 D = Non-vault monster count
 E = Vault monster count
 F = Vault count percentage of total count
                 A         B        C        D         E       F
            +---------+---------+-------+---------+---------+-------
      Total |  137178 |   59220 |  30.2 |     688 |     185 |  21.2
            +---------+---------+-------+---------+---------+-------
        D:1 |      60 |       0 |   0.0 |      30 |       0 |   0.0
        D:2 |      84 |       0 |   0.0 |      27 |       0 |   0.0
        D:3 |     167 |       9 |   5.1 |      26 |       3 |  10.3
        D:4 |     607 |       0 |   0.0 |      11 |       0 |   0.0
        D:5 |     990 |    1383 |  58.3 |      18 |      10 |  35.7
        D:6 |     562 |     240 |  29.9 |      18 |       2 |  10.0
        D:7 |    1329 |     226 |  14.5 |      29 |       2 |   6.5
        D:8 |    1150 |       0 |   0.0 |      17 |       0 |   0.0
        D:9 |    2585 |       0 |   0.0 |      32 |       0 |   0.0
       D:10 |    4739 |     548 |  10.4 |      42 |       1 |   2.3
       D:11 |    2164 |       0 |   0.0 |      27 |       0 |   0.0
       D:12 |    3044 |    1781 |  36.9 |      15 |      20 |  57.1
       D:13 |    8305 |    2295 |  21.7 |      41 |       1 |   2.4
       D:14 |    8802 |    2174 |  19.8 |      31 |       3 |   8.8
       D:15 |   17994 |    2850 |  13.7 |      32 |       4 |  11.1
     Lair:1 |    7273 |    1585 |  17.9 |      22 |       7 |  24.1
     Lair:2 |    6853 |    3201 |  31.8 |      26 |       2 |   7.1
     Lair:3 |    2194 |     987 |  31.0 |      10 |       3 |  23.1
     Lair:4 |    3093 |    1095 |  26.1 |       7 |       4 |  36.4
     Lair:5 |    5775 |    2673 |  31.6 |      28 |       4 |  12.5
     Lair:6 |    2237 |    8301 |  78.8 |      12 |      22 |  64.7
   Shoals:1 |   14868 |     884 |   5.6 |      25 |       1 |   3.8
   Shoals:2 |    7826 |       0 |   0.0 |      19 |       0 |   0.0
   Shoals:3 |   16170 |    1806 |  10.0 |      36 |       2 |   5.3
   Shoals:4 |    7802 |    6410 |  45.1 |      18 |      11 |  37.9
      Orc:1 |    5507 |    4127 |  42.8 |      52 |      14 |  21.2
      Orc:2 |    4998 |   16241 |  76.5 |      37 |      39 |  51.3
    Ossuary |       0 |     404 | 100.0 |       0 |      30 | 100.0
            +---------+---------+-------+---------+---------+-------
